 Dungeon Crawl Stone Soup version 0.29-a0-322-g68df515428 (webtiles) character file.

Game seed: 17447179010455886192

2 GigaChad the Skirmisher (level 1, -2/19 HPs)
             Began as a Draconian Chaos Knight on Apr 7, 2022.
             Was a Plaything of Xom.
             Slain by a ball python (3 damage)
             ... on level 1 of the Dungeon.
             The game lasted 00:00:37 (236 turns).

GigaChad the Skirmisher (Draconian Chaos Knight)     Turns: 236, Time: 00:00:38

Health: -2/19      AC:  4    Str: 14    XL:     1   Next: 33%
Magic:  1/1        EV: 12    Int: 12    God:    Xom [..*...]
Gold:   10         SH:  0    Dex: 10    Spells: 0/0 levels left

rFire   . . .      SeeInvis .   a - +0 falchion (chaos)
rCold   . . .      Faith    .   (no shield)
rNeg    . . .      Spirit   .   (body armour unavailable)
rPois   .          Reflect  .   (helmet restricted)
rElec   .          Harm     .   (no cloak)
rCorr   .          Rampage  .   (no gloves)
Will    .....                   (no boots)
Stlth   +.........              (no amulet)
HPRegen 0.06/turn               (no ring)
MPRegen 0.07/turn               (no ring)

@: no status effects
A: AC +4, unfitting armour, cold-blooded
a: Renounce Religion


You were on level 1 of the Dungeon.
You worshipped Xom.
You were a toy of Xom.
You visited 1 branch of the dungeon, and saw 1 of its levels.

You collected 10 gold pieces.

Inventory:

Hand Weapons
 a - a +0 falchion of chaos (weapon)
Scrolls
 e - a scroll of fog
Potions
 c - a potion of mutation {unknown}
 d - a potion of might {unknown}
Miscellaneous
 b - a piece from Xom's chessboard (15/15) (quivered)


   Skills:
 + Level 3.3 Fighting
 + Level 3.0 Long Blades
 + Level 2.1 Dodging


You couldn't memorise any spells.
You didn't know any spells.
Your spell library was empty.

Dungeon Overview and Level Annotations

Branches:
Dungeon (1/15)

Altars:


Innate Abilities, Weirdness & Mutations

Your plain brown scales are hard. (AC +4)
You cannot fit into any form of body armour.
You are cold-blooded and may be slowed by cold attacks.


Message History

The jackal bites you.
You closely miss the jackal.
The jackal bites you but does no damage.
The jackal closely misses you. The jackal bites you.
You barely miss the jackal.
The jackal bites you but does no damage.
The jackal bites you.
* * * LOW HITPOINT WARNING * * *
The jackal bites you but does no damage.
You hit the jackal.
The jackal is almost dead.
The jackal misses you. The jackal bites you.
* * * LOW HITPOINT WARNING * * *
The jackal misses you.
You hit the jackal but do no damage.
The jackal is almost dead.
The jackal bites you.
* * * LOW HITPOINT WARNING * * *
The jackal closely misses you. x2; The jackal completely misses you.
You hit the jackal but do no damage.
The jackal flickers and vanishes!
Deactivating autopickup; reactivate with Ctrl-A.
Your punch misses something. Something bites you but does no damage.
The jackal closely misses you.
The ball python bites you but does no damage.
The ball python misses you. Something bites you but does no damage.
The jackal misses you. Something bites you but does no damage.
The ball python closely misses you. The ball python misses you.
The jackal bites you but does no damage.
You see here a smoky brown potion.
You miss the jackal. Something bites you.
* * * LOW HITPOINT WARNING * * *
The ball python barely misses you. The ball python closely misses you.
The jackal bites you.
* * * LOW HITPOINT WARNING * * *
You emit a cloud of colourful smoke!
Something bites you.
* * * LOW HITPOINT WARNING * * *
Unknown command.
The ball python bites you.
You die...

...# ...# #........ ...#
#.........โˆ† ...#
#......... โˆ† ..>#
#......... ...# โˆ†
#......... ...# #.........
...# #......... ...#
#@S....... '#.# #h........
.#.#############ยง{.......
.#...................)...
.########################
.# .# .# ##


You could see a jackal and a ball python.

Vanquished Creatures
  A ball python (D:1)
  A jackal (D:1)
2 creatures vanquished.

Notes
Turn   | Place    | Note
-------+----------+-------------------------------------------
     0 | D:1      | GigaChad the Draconian Chaos Knight began the quest for the
                  | Orb.
     0 | D:1      | Reached XP level 1. HP: 19/19 MP: 1/1
   220 | D:1      | XOM: silly message
   221 | D:1      | XOM: divination: detect items
   235 | D:1      | XOM: smoke on damage
   236 | D:1      | Slain by a ball python

Illustrated notes

Levels and vault maps discovered:
D:1:      eino_arrival_cavern_a, layout_basic

Action                   || total
-------------------------++-------
Melee: Falchion          ||    14
       Tailslap          ||     1
  Use: Scroll            ||     1
Armor: Skin              ||    13
Dodge: Dodged            ||    38

Table legend: (Time is in decaauts)
 A = Elapsed time spent in this place.
 B = Non-inter-level travel time spent in this place.
 C = Inter-level travel time spent in this place.
 D = Time resting spent in this place.
 E = Time spent auto-exploring this place.
 F = Levels seen in this place.
 G = Mean time per level.
                   A        B        C        D        E       F      G
               +--------+--------+--------+--------+--------+-----+--------+
         Total |    238 |    238 |      0 |      0 |    124 |   1 |  238.0 |
       Dungeon |    238 |    238 |      0 |      0 |    124 |   1 |  238.0 |
               +--------+--------+--------+--------+--------+-----+--------+

Top non-repeatable levels by time:
     D:1: 238 daAuts
